 Dungeon Crawl Stone Soup version 0.32-a0-128-g77eb882913 (webtiles) character file.

Game seed: 772456301278118484

8443 hikkokomori the Grappler (level 11, 0/105 HPs)
             Began as a Troll Fighter on Feb 8, 2024.
             Slain by a troll (10 damage)
             ... on level 9 of the Dungeon.
             The game lasted 00:20:40 (7295 turns).

hikkokomori the Grappler (Troll Fighter)            Turns: 7295, Time: 00:20:40

Health: 0/105      AC:  5    Str: 26    XL:     11   Next: 10%
Magic:  22/22      EV: 10    Int:  4    God:
Gold:   443        SH: 10    Dex: 13    Spells: 11/14 levels left

rFire   . .          .
                       - Unarmed
rCold   . . .        b - +1 kite shield
rNeg    . . .        a - +0 robe
rPois   .            L - +1 hat
rElec   .            (no cloak)
rCorr   .            (gloves unavailable)
SInv    +            (boots unavailable)
Will    .....        (no amulet)
Stlth   ++           E - ring of see invisible
HPRegen 1.17/turn    F - ring of magical power
MPRegen 0.18/turn

%: no passive effects
@: mighty
A: large, unfitting armour, claws 3, regeneration 1, shaggy fur 1, tough skin 1
a: no special abilities


You were on level 9 of the Dungeon.
You visited 2 branches of the dungeon, and saw 10 of its levels.

You collected 443 gold pieces.

Inventory:

Hand Weapons
 z - the +4 dagger of Tension {freeze, ^Drain rElec Dex+3}
   (You found it on level 6 of the Dungeon)

   Dex+3:     It affects your dexterity (+3).
   rElec:     It insulates you from electricity.
   ^Drain:    It drains your maximum health when unequipped.
Missiles
 j - a curare-tipped dart (quivered)
 A - 8 poisoned darts
Armour
 a - a +0 robe (worn)
 b - a +1 kite shield (worn)
 L - a +1 hat (worn)
Jewellery
 E - a ring of see invisible (left claw)
 F - a ring of magical power (right claw)
Talismans
 t - the maw talisman of the Illusory Mystics {rF+}
   (You found it on level 9 of the Dungeon)

   [maw talisman]

   rF+:       It protects you from fire.
 I - a flux talisman
 J - the maw talisman of Jofuck {+Blink rCorr MP-9 Stlth+}
   (You found it on level 8 of the Dungeon)

   [maw talisman]

   MP-9:      It affects your magic capacity (-9).
   +Blink:    It lets you blink.
   rCorr:     It protects you from acid and corrosion.
   Stlth+:    It makes you more stealthy.
Wands
 e - a wand of paralysis (2)
 B - a wand of roots (2)
 D - a wand of quicksilver (1)
 G - a wand of flame (8)
Scrolls
 f - 2 scrolls of immolation
 g - a scroll of amnesia {unknown}
 i - a scroll of vulnerability
 n - 2 scrolls of enchant weapon
 o - a scroll of torment {unknown}
 p - 3 scrolls of enchant armour
 q - a scroll of blinking {unknown}
 r - 2 scrolls of revelation {unknown}
 s - 2 scrolls of poison
 x - a scroll of fog {unknown}
 y - a scroll of fear {unknown}
 C - 2 scrolls of teleportation {unknown}
 H - a scroll of silence {unknown}
Potions
 c - a potion of might
 d - a potion of attraction {unknown}
 k - a potion of heal wounds
 l - 6 potions of brilliance
 m - 2 potions of cancellation
 u - a potion of berserk rage
 v - a potion of haste
 w - a potion of mutation {unknown}


   Skills:
 - Level 6.0 Fighting
 - Level 6.0 Throwing
 - Level 4.0 Dodging
 - Level 2.0 Stealth
 - Level 5.0 Shields
 - Level 8.0 Unarmed Combat
 - Level 2.0 Spellcasting
 - Level 2.0 Necromancy
 - Level 4.1 Evocations
 + Level 6.5 Shapeshifting


You had 11 spell levels left.
You knew the following spells:

 Your Spells              Type           Power      Damage    Failure   Level
a - Fugue of the Fallen   Necr           2%         N/A       75%         3

Your spell library contained the following spells:

 Spells                   Type           Power      Damage    Failure   Level
 Ensorcelled Hibernation  Hex/Ice        0%         N/A       80%         2
 Ozocubu's Armour         Ice            0%         N/A       95%         3
 Passwall                 Erth           0%         N/A       95%         3
 Summon Ice Beast         Ice/Summ       0%         N/A       95%         3
 Swiftness                Air            0%         N/A       95%         3
 Manifold Assault         Tloc           0%         N/A       100%        4
 Summon Forest            Summ/Tloc      0%         N/A       100%        5
 Summon Mana Viper        Hex/Summ       0%         N/A       100%        5
 Summon Cactus Giant      Summ           0%         N/A       100%        6
 Monstrous Menagerie      Summ           0%         N/A       100%        7


Dungeon Overview and Level Annotations

Branches:
Dungeon (9/15)             Temple (1/1) D:5            Lair (0/5) D:9
    Orc: D:9-12

Altars:
Cheibriados
Dithmenos
Elyvilon
Fedhas
Gozag
Hepliaklqana
Kikubaaqudgha
Makhleb
Nemelex Xobeh
Okawaru
Qazlal
Ru
Sif Muna
Trog
Vehumet
Wu Jian
Yredelemnul
The Shining One

Shops:
D:7 [

Annotations:
D:8 exclusion: downstairs


Innate Abilities, Weirdness & Mutations

You are too large for most types of armour.
You have claws for hands.
Your natural rate of healing is unusually fast.
You are covered in fur. (AC +1)
You have tough skin. (AC +1)


Message History

The kobold demonologist casts a spell.
Unknown command.
You claw the white imp!
You kill the white imp!
The white imp disappears in a puff of smoke!
You feel sick.
Unknown command.
You claw the kobold demonologist!
The kobold demonologist is severely wounded.
The kobold demonologist hits you with a +0 dagger.
* * * LOW HITPOINT WARNING * * *
You mangle the kobold demonologist!!
You kill the kobold demonologist!
The quasit disappears in a puff of smoke!
The ufetubus disappears in a puff of smoke!
You feel sick.
You are no longer poisoned.
You closely miss the troll. The troll bites you!
* * * LOW HITPOINT WARNING * * *
The troll closely misses you. You block the troll's attack.
Unknown command.
You claw the troll!
The troll is heavily wounded.
You block the troll's attack. The troll claws you.
* * * LOW HITPOINT WARNING * * *
You block the troll's attack.
Unknown command.
You closely miss the troll.
The troll is heavily wounded.
The troll barely misses you. The troll claws you but does no damage.
You block the troll's attack.
Unknown command.
You mangle the troll!!
The troll is almost dead.
The troll barely misses you. You block the troll's attack. x2
Unknown command.
You scratch the troll.
The troll is almost dead.
You block the troll's attack. x2; The troll claws you!
You die...

...'...###..............
...#....##.#####........
...#.....#.# #.#######
'####....#.# #.# ...
##...'.# #†# ....
##..#.# #.# ..... ##.#.#
#)# #.... ###.# #.# #.#
#@# #### ..# #T# ....
..# #c# .##. ######)# ##
#...(.## # ##..###..##
..........# ..§≈≈≈≈§≈.#
.§§≈≈≈§((.#


You could see a troll and a centaur.

Vanquished Creatures
  Joseph (D:9)
  4 kobold demonologists
  Psyche (D:9)
  Prince Ribbit (D:9)
  A hornet (D:9)
  Grinder (D:3)
  A wraith (D:9)
  10 yaks
  A steam dragon (D:7)
  An acid dragon (D:9)
  5 water moccasins
  An ice beast (D:7)
  A sky beast (D:7)
  6 orc warriors
  2 black bears (D:9)
  3 ogres
  3 centaurs
  A phantom (D:5)
  2 kobold brigands (D:7)
  7 bullfrogs
  A gnoll sergeant (D:8)
  2 scorpions
  7 wights
  6 killer bees
  2 howler monkeys
  3 hounds
  A jelly (D:4)
  2 bombardier beetles
  3 orc priests
  A gnoll bouda (D:8)
  3 sleepcaps
  An iguana (D:6)
  6 orc wizards
  Robin (D:3)
  10 gnolls
  2 adders
  A shadow imp (D:5)
  3 white imps
  2 ufetubi (D:6)
  2 dart slugs (D:4)
  25 orcs
  9 bats
  4 endoplasms (D:1)
  3 giant cockroaches
  17 goblins
  15 hobgoblins
  3 jackals (D:2)
  19 kobolds
  A quokka (D:1)
  7 ball pythons
  3 frilled lizards
  5 rats
  A spectral hobgoblin (D:8)
224 creatures vanquished.

Vanquished Creatures (others)
  A kobold demonologist (D:9)
1 creature vanquished.

Grand Total: 225 creatures vanquished

Notes
Turn   | Place    | Note
-------+----------+-------------------------------------------
     0 | D:1      | hikkokomori the Troll Fighter began the quest for the Orb.
     0 | D:1      | Reached XP level 1. HP: 22/22 MP: 0/0
    88 | D:1      | Reached XP level 2. HP: 28/29 MP: 1/1
   396 | D:1      | Reached XP level 3. HP: 33/36 MP: 2/2
   457 | D:1      | Found a faded altar of an unknown god.
   710 | D:1      | Reached skill level 3 in Unarmed Combat
  1053 | D:2      | Reached skill level 1 in Throwing
  1053 | D:2      | Reached XP level 4. HP: 44/44 MP: 3/3
  1300 | D:3      | Noticed Grinder
  1301 | D:3      | Paralysed by Grinder for 2 turns
  1326 | D:3      | Killed Grinder
  1327 | D:3      | Reached skill level 4 in Unarmed Combat
  1327 | D:3      | Reached XP level 5. HP: 50/50 MP: 4/4
  1327 | D:3      | Reached XP level 6. HP: 59/59 MP: 5/5
  1553 | D:3      | Noticed Robin
  1580 | D:3      | Killed Robin
  2151 | D:4      | You fall into a shaft and drop 2 floors!
  2195 | D:6      | Identified the +4 dagger of Tension {freeze, ^Drain rElec
                  | Dex+3}
  2199 | D:5      | Entered Level 5 of the Dungeon
  2253 | D:4      | Reached skill level 5 in Shields
  2513 | D:4      | Found a shimmering blue altar of Sif Muna.
  2728 | D:5      | Reached XP level 7. HP: 64/66 MP: 6/6
  2747 | D:5      | Found a staircase to the Ecumenical Temple.
  2760 | D:5      | Reached skill level 5 in Unarmed Combat
  2779 | Temple   | Entered the Ecumenical Temple
  2786 | D:5      | Learned a level 3 spell: Fugue of the Fallen
  2922 | D:5      | Found an ancient bone altar of Kikubaaqudgha.
  2970 | D:5      | Reached skill level 6 in Unarmed Combat
  2974 | D:5      | Reached skill level 1 in Stealth
  3323 | D:6      | Reached XP level 8. HP: 34/76 MP: 7/7
  3916 | D:7      | Found an opulent altar of Gozag.
  4018 | D:7      | Found an opulent altar of Gozag.
  4018 | D:7      | Found an opulent altar of Gozag.
  4027 | D:7      | Found an opulent altar of Gozag.
  4174 | D:7      | Found a sparkling altar of Nemelex Xobeh.
  4211 | D:7      | Reached skill level 5 in Fighting
  4211 | D:7      | Reached skill level 7 in Unarmed Combat
  4263 | D:7      | Reached XP level 9. HP: 78/88 MP: 8/8
  4278 | D:7      | Found Toijatwy's Antique Armour Emporium.
  5373 | D:8      | Noticed a kobold demonologist
  5393 | D:8      | Reached skill level 8 in Unarmed Combat
  5393 | D:8      | Reached skill level 1 in Evocations
  5394 | D:8      | Killed a kobold demonologist
  5432 | D:8      | Reached skill level 5 in Throwing
  5437 | D:8      | Reached XP level 10. HP: 40/98 MP: 9/9
  5522 | D:8      | Identified the maw talisman of Jofuck {+Blink rCorr MP-9
                  | Stlth+}
  6063 | D:8      | Found a hazy altar of Hepliaklqana.
  6532 | D:9      | Noticed Prince Ribbit
  6546 | D:8      | Reached skill level 1 in Necromancy
  6630 | D:9      | Killed Prince Ribbit
  6631 | D:9      | Reached skill level 1 in Spellcasting
  6648 | D:9      | Identified the maw talisman of the Illusory Mystics {rF+}
  6665 | D:9      | Reached skill level 1 in Shapeshifting
  6672 | D:9      | Found a staircase to the Lair.
  6767 | D:9      | Noticed Joseph
  6768 | D:9      | Paralysed by Joseph for 5 turns
  6779 | D:9      | Paralysed by Joseph for 5 turns
  6788 | D:9      | Paralysed by Joseph for 3 turns
  6792 | D:9      | Killed Joseph
  6801 | D:9      | Noticed Psyche
  6804 | D:9      | Killed Psyche
  7073 | D:9      | Reached skill level 5 in Shapeshifting
  7227 | D:9      | Found an ornate altar of the Wu Jian Council.
  7260 | D:9      | Reached XP level 11. HP: 105/105 MP: 13/13
  7295 | D:9      | Slain by a troll

Illustrated notes

Levels and vault maps discovered:
D:1:      minmay_arrival_loop, layout_basic, basic_ecumenical_altar
D:2:      layout_basic
D:3:      layout_rooms, kennysheep_generic_room_16, uniq_robin, uniq_grinder
D:4:      layout_loops_ring, led_sif_pool, nicolae_overflow_hidden_temple,
          nicolae_letterblocks [nicolae_letter_subblock,
          nicolae_letter_subblock, nicolae_letter_subblock,
          nicolae_letter_subblock, nicolae_letter_subblock,
          nicolae_letter_subblock, nicolae_letter_subblock,
          nicolae_letter_subblock, nicolae_letter_subblock,
          nicolae_letter_subblock, nicolae_letter_subblock,
          nicolae_letter_subblock, nicolae_letter_subblock,
          nicolae_letter_subblock, nicolae_letter_subblock,
          nicolae_letter_subblock, nicolae_letter_subblock,
          nicolae_letter_subblock, nicolae_letter_subblock,
          nicolae_letter_subblock, nicolae_letter_subblock,
          nicolae_letter_subblock, nicolae_letter_subblock,
          nicolae_letter_subblock, nicolae_letter_subblock]
D:5:      layout_rooms, kennysheep_little_box, minmay_temple_entry_glass
D:6:      layout_basic
D:7:      layout_loops_ring, nicolae_overflow_crystal_walls,
          nicolae_gozag_conspicuous_consumption, serial_shops,
          nicolae_diamond_shop, serial_co_window_serial, co_window_paths_b,
          co_window_corner_a, co_window_paths_a, co_window_corner_a,
          co_window_corner_a, co_window_corner_a, co_window_corner_a,
          co_window_corner_a, co_window_corner_a, co_window_unsneaky_path_b,
          co_window_corner_b, co_window_paths_c, co_window_corner_cb,
          co_window_unsneaky_path_c, glass_columns_a, glass_columns_a,
          glass_columns_b, abandoned_shop, minmay_misc_feat_five,
          minmay_checkerbox
D:8:      layout_loops_ring, nicolae_hepliaklqana_monster_ancestors
D:9:      layout_long_grid, mainiacjoe_overflow_catwalk,
          due_lair_maze_entry_diamond, minmay_quadrilaterals, uniq_joseph,
          uniq_psyche, uniq_prince_ribbit1
Temple:   hc_temple_tempest_star

Skill      XL: |  1  2  3  4  5  6  7  8  9 10 |
---------------+-------------------------------+-----
Shields        | 3 4 5 |  5.0
Unarmed Combat | 3 4 6 7 8 |  8.0
Throwing       | 1 2 3 5 6 |  6.0
Fighting       | 3 5 6 |  6.0
Stealth        | 1 2 |  2.0
Dodging        | 4 |  4.0
Evocations     | 3 4 |  4.1
Necromancy     | 2 |  2.0
Spellcasting   | 2 |  2.0
Shapeshifting  | 6 |  6.5

Action                     |  1- 3 |  4- 6 |  7- 9 | 10-12 || total
---------------------------+-------+-------+-------+-------++-------
  Melee: Unarmed           |   109 |   107 |   257 |   205 ||   678
  Throw: Javelin           |       |    13 |     1 |     8 ||    22
         Throwing net      |       |     1 |       |     1 ||     2
         Dart              |       |       |     3 |     2 ||     5
         Boomerang         |       |       |     2 |       ||     2
  Evoke: Wand              |       |       |       |    10 ||    10
    Use: Scroll            |       |       |    10 |     1 ||    11
         Potion            |       |       |     1 |     6 ||     7
   Stab: Sleeping          |       |       |     3 |     1 ||     4
         Confused          |       |       |       |     1 ||     1
 Armour: Robe              |    72 |    64 |   134 |   153 ||   423
  Dodge: Dodged            |    28 |    36 |    70 |    79 ||   213
  Block: Kite shield       |    32 |    46 |   126 |   141 ||   345
         Form:             |       |       |       |     1 ||     1
         Maw               |       |       |       |     1 ||     1

Table legend: (Time is in decaauts)
 A = Elapsed time spent in this place.
 B = Non-inter-level travel time spent in this place.
 C = Inter-level travel time spent in this place.
 D = Time resting spent in this place.
 E = Time spent auto-exploring this place.
 F = Levels seen in this place.
 G = Mean time per level.
                   A        B        C        D        E       F      G
               +--------+--------+--------+--------+--------+-----+--------+
         Total |   7319 |   6981 |    338 |    406 |   4869 |  10 |  731.9 |
       Dungeon |   7317 |   6979 |    338 |    406 |   4869 |   9 |  813.0 |
        Temple |      1 |      1 |      0 |      0 |      0 |   1 |    1.0 |
               +--------+--------+--------+--------+--------+-----+--------+

Top non-repeatable levels by time:
     D:8: 1593 daAuts
     D:7: 1109 daAuts
     D:4: 783 daAuts
     D:1: 733 daAuts
     D:9: 702 daAuts
     D:6: 669 daAuts
     D:5: 627 daAuts
     D:3: 552 daAuts
     D:2: 546 daAuts
  Temple: 1 daAuts
